 Dungeon Crawl Stone Soup version 0.30-a0-739-gea05faddec (webtiles) character file.

Game seed: 9396246815930464960

2079 timneilson the Covered (level 9, -7/54 HPs)
             Began as a Gargoyle Fighter on Feb 4, 2023.
             Mangled by an orc knight
             ... wielding a +0 glaive
              (29 damage)
             ... in a bailey.
             The game lasted 00:12:33 (5715 turns).

timneilson the Covered (Gargoyle Fighter)           Turns: 5715, Time: 00:12:33

Health: -7/54      AC: 20    Str: 21    XL:     9   Next: 26%
Magic:  9/9        EV:  8    Int:  8    God:
Gold:   469        SH:  5    Dex: 13    Spells: 8/8 levels left

rFire   + . .      SeeInvis .    B - +11 Screaming Sword {sonic wave}
rCold   . . .      Faith    .    c - +0 buckler
rNeg    + . .      Spirit   .    j - +0 chain mail
rPois   ∞          Reflect  .    (no helmet)
rElec   +          Harm     .    r - +0 cloak
rCorr   .          Rampage  .    (no gloves)
Will    .....                    v - +1 pair of boots Stlth
                                 (no amulet)
HPRegen 0.29/turn                y - ring of protection from fire
MPRegen 0.11/turn                (no ring)

@: no status effects
A: sickness immunity, AC +6, negative energy resistance 1, electricity
resistance, torment resistance 1, petrification resistance
a: no special abilities


You were in a bailey.
You visited 2 branches of the dungeon, and saw 8 of its levels.
You also visited: Sewer and Bailey.

You collected 469 gold pieces.

Inventory:

Hand Weapons
 a - a +1 long sword
 s - a +4 scimitar of electrocution
 B - the +11 Screaming Sword (weapon) {sonic wave}
   (You found it on level 6 of the Dungeon)
Missiles
 w - a throwing net (quivered)
Armour
 b - a +0 plate armour
 c - a +0 buckler (worn)
 j - a +0 chain mail (worn)
 r - a +0 cloak (worn)
 v - a +1 pair of boots (worn)
Jewellery
 i - a ring of fire
 y - a ring of protection from fire (left hand)
Wands
 l - a wand of roots (4)
Scrolls
 f - a scroll of poison
 h - a scroll of teleportation
 o - 2 scrolls of fear
 t - a scroll of enchant armour {unknown}
Potions
 d - 2 potions of might
 e - 6 potions of brilliance
 g - a potion of ambrosia
 k - 4 potions of curing
 m - 3 potions of flight
 n - 3 potions of attraction {unknown}
 p - 3 potions of cancellation {unknown}
 q - 3 potions of resistance
 u - 4 potions of magic {unknown}
 x - 2 potions of haste {unknown}
 z - a potion of lignification {unknown}
 A - a potion of berserk rage {unknown}
 C - a potion of mutation {unknown}
 D - a potion of invisibility {unknown}
 E - a potion of heal wounds


   Skills:
 + Level 5.4 Fighting
 * Level 5.4 Long Blades
 * Level 7.1 Armour
 + Level 3.0 Dodging
 * Level 7.0 Shields
 + Level 2.8 Evocations


You had 8 spell levels left.
You didn't know any spells.
Your spell library contained the following spells:

 Spells                   Type           Power      Damage    Failure   Level
 Freeze                   Ice            0%         1d3       99%         1
 Sandblast                Erth           0%         2d4       99%         1
 Passwall                 Tmut/Erth      0%         N/A       99%         2
 Frozen Ramparts          Ice            0%         1d1       100%        3
 Hailstorm                Conj/Ice       0%         3d3       100%        3
 Stone Arrow              Conj/Erth      0%         3d7       100%        3
 Alistair's Intoxication  Tmut/Pois      0%         N/A       100%        5
 Borgnjor's Vile Clutch   Necr/Erth      0%         N/A       100%        5
 Eringya's Noxious Bog    Tmut/Pois      0%         N/A       100%        6


Dungeon Overview and Level Annotations

Branches:
Dungeon (7/15)             Temple (1/1) D:4           Sewer (visited)
 Bailey (1/1)

Altars:
Ashenzari
Cheibriados
Dithmenos
Elyvilon
Fedhas
Gozag
Hepliaklqana
Kikubaaqudgha
Makhleb
Nemelex Xobeh
Qazlal
Ru
Sif Muna
Trog
Uskayaw
Wu Jian
Xom
Yredelemnul
Zin
The Shining One


Innate Abilities, Weirdness & Mutations

You are immune to sickness and miasma.
Your stone body is resilient. (AC +6)
You are immune to poison.
You resist negative energy. (rN+)
You are resistant to electric shocks. (rElec)
You are resistant to unholy torment.
You are immune to petrification.


Message History

Aim: an orc warrior, wielding a +0 hand axe (strong)
The roots erupt in riotous growth!
Roots grab the orc warrior.
The grasping roots constrict the orc warrior.
The grasping roots constrict the orc.
You kill the orc!
The grasping roots constrict the orc!
You kill the orc!
The grasping roots constrict the orc!
You kill the orc!
You hear a shout! x2
The orc warrior struggles to escape constriction.
The grasping roots constrict the orc warrior!
The orc warrior escapes!
There is an open gate here.
You slice the orc warrior!!
You kill the orc warrior!
The orc warrior hits you from afar with a +0 halberd.
The orc knight roars a battlecry!
Your Shields skill increases to level 7!
An orc knight comes into view. It is wielding a +0 halberd.
The orc knight shouts!
The orc warrior barely misses you. The orc barely misses you.
The orc knight hits you from afar with a +0 trident!
You see here a +0 hand axe.
You slice the orc warrior!!
The Screaming Sword shouts, "NONE SHALL ESCAPE!"
You send a blast of sound all around you.
You kill the orc! x2
The orc knight is moderately wounded. x2
You kill the orc warrior!
The orc knight is moderately wounded.
You hear a shout!
The orc knight hits you from afar with a +0 trident!
Your Dodging skill increases to level 3!
An orc warrior comes into view. It is wielding a +0 glaive.
The orc warrior shouts!
The orc knight hits you from afar with a +0 glaive!!
Ouch! That really hurt!
You die...

##'''##
#.....#
#.....#
#.....#
#.....#
#.....#
##'''##
##..)..##
#...@)..#
#..#o#).#
#...o)).#
#.......#
#...o...#
##.....##
#'''''#
#..o..#


You could see 3 orc knights and an orc warrior (strong).

Vanquished Creatures
  Duvessa (D:6)
  2 water moccasins
  A sky beast (D:6)
  3 black bears
  4 orc warriors (Bailey)
  A kobold brigand (Sewer)
  A bullfrog (D:6)
  5 scorpions
  Dowan (D:6)
  2 hounds (D:5)
  Jessica (D:3)
  An iguana (D:6)
  2 orc wizards
  Natasha (twice) (D:2)
  8 gnolls
  6 adders
  A river rat (Sewer)
  2 shadow imps (D:6)
  A white imp (D:5)
  A worm (D:3)
  A dart slug (D:1)
  34 orcs
  7 bats
  5 endoplasms
  6 giant cockroaches
  11 goblins
  11 hobgoblins
  8 jackals
  9 kobolds
  3 quokkas
  7 ball pythons
  A frilled lizard (D:2)
  8 rats
157 creatures vanquished.

Vanquished Creatures (others)
  15 fungi (D:6)
15 creatures vanquished.

Grand Total: 172 creatures vanquished

Notes
Turn   | Place    | Note
-------+----------+-------------------------------------------
     0 | D:1      | timneilson the Gargoyle Fighter began the quest for the
                  | Orb.
     0 | D:1      | Reached XP level 1. HP: 14/14 MP: 1/1
    69 | D:1      | Reached XP level 2. HP: 12/19 MP: 2/2
   106 | D:1      | Found a faded altar of an unknown god.
   205 | D:1      | Reached XP level 3. HP: 16/23 MP: 3/3
   788 | D:2      | Noticed Natasha
   796 | D:2      | Killed Natasha
   797 | D:2      | Reached XP level 4. HP: 27/28 MP: 4/4
  1108 | D:2      | Noticed Natasha
  1119 | D:2      | Killed Natasha
  1581 | D:3      | Found a glowing drain.
  1592 | D:3      | Reached XP level 5. HP: 31/33 MP: 5/5
  1607 | D:3      | Reached skill level 1 in Dodging
  1608 | Sewer    | Entered a sewer
  1769 | Sewer    | Noticed a kobold brigand
  1787 | Sewer    | Killed a kobold brigand
  1894 | Sewer    | Found a glowing silver altar of Zin.
  2015 | D:3      | Found a burning altar of Makhleb.
  2018 | D:3      | Identified the +9 whip of Jodimumn {heavy, *Corrode Str+5
                  | Int+5}
  2149 | D:3      | Reached XP level 6. HP: 37/38 MP: 6/6
  2217 | D:3      | Found a glowing silver altar of Zin.
  2219 | D:3      | Noticed Jessica
  2225 | D:3      | Killed Jessica
  3038 | D:4      | Reached skill level 5 in Armour
  3039 | D:4      | Found a staircase to the Ecumenical Temple.
  3049 | Temple   | Entered the Ecumenical Temple
  3458 | D:5      | Entered Level 5 of the Dungeon
  3527 | D:5      | Noticed a black bear
  3554 | D:5      | Killed a black bear
  3555 | D:5      | Reached skill level 5 in Shields
  3555 | D:5      | Reached skill level 1 in Evocations
  3555 | D:5      | Reached XP level 7. HP: 35/43 MP: 7/7
  4427 | D:5      | Identified a scroll of acquirement
  4427 | D:5      | Acquired a +4 scimitar of electrocution
  4454 | D:6      | Noticed Dowan
  4458 | D:6      | Noticed Duvessa
  4573 | D:6      | Reached XP level 8. HP: 41/48 MP: 8/8
  4736 | D:6      | Identified the +1 robe of Lairr {Rampage rPois}
  4935 | D:6      | Killed Dowan
  4958 | D:6      | Killed Duvessa
  5012 | D:6      | Reached skill level 5 in Fighting
  5118 | D:6      | Reached skill level 5 in Long Blades
  5364 | D:6      | Reached XP level 9. HP: 54/54 MP: 9/9
  5374 | D:6      | Found the +11 Singing Sword {sonic wave}
  5471 | D:7      | Found a flagged portal.
  5481 | Bailey   | Entered a bailey
  5706 | Bailey   | Noticed an orc knight
  5707 | Bailey   | Noticed an orc knight
  5713 | Bailey   | Noticed an orc knight
  5715 | Bailey   | Mangled by an orc knight

Illustrated notes

Levels and vault maps discovered:
D:1:      nagdon_arrival_zigzag_paths, layout_basic,
          hellmonk_ecumenical_altar_blasted
D:2:      layout_basic, uniq_natasha
D:3:      cheibrodos_greedy_goblins, layout_basic, bloody_makhleb, zin_statuary,
          cheibrodos_sewer_entry_sluice, uniq_jessica
D:4:      layout_basic, minmay_temple_entry_gardened_gates
D:5:      layout_basic
D:6:      old_forge, layout_basic, uniq_duvessa
D:7:      layout_basic, enter_bailey_3
Temple:   hc_temple_tempest_star
Bailey:   bailey_polearm_5, bailey

Skill      XL: |  1  2  3  4  5  6  7  8  9 |
---------------+----------------------------+-----
Long Blades    | 2 3 4 5 |  5.4
Armour         | 4 5 6 7 |  7.1
Shields        | 4 5 6 7 |  7.0
Dodging        | 1 2 3 |  3.0
Fighting       | 4 5 |  5.4
Evocations     | 1 2 |  2.8

Action                     |  1- 3 |  4- 6 |  7- 9 || total
---------------------------+-------+-------+-------++-------
  Melee: Long sword        |   119 |   282 |    76 ||   477
         Scimitar          |       |       |   117 ||   117
         Double sword      |       |       |    23 ||    23
  Evoke: Wand              |       |       |     2 ||     2
    Use: Scroll            |     2 |    10 |     3 ||    15
         Potion            |       |     2 |     2 ||     4
 Armour: Scale mail        |   114 |       |       ||   114
         Chain mail        |       |   255 |   149 ||   404
  Dodge: Dodged            |   103 |   135 |    87 ||   325
  Block: Buckler           |    33 |   108 |    64 ||   205

Table legend: (Time is in decaauts)
 A = Elapsed time spent in this place.
 B = Non-inter-level travel time spent in this place.
 C = Inter-level travel time spent in this place.
 D = Time resting spent in this place.
 E = Time spent auto-exploring this place.
 F = Levels seen in this place.
 G = Mean time per level.
                   A        B        C        D        E       F      G
               +--------+--------+--------+--------+--------+-----+--------+
         Total |   5911 |   5623 |    288 |    111 |   3770 |  10 |  591.1 |
       Dungeon |   5198 |   4921 |    277 |      0 |   3432 |   7 |  742.6 |
        Temple |    106 |     95 |     11 |      0 |     78 |   1 |  106.0 |
         Sewer |    367 |    367 |      0 |      0 |    259 |   1 |  367.0 |
        Bailey |    238 |    238 |      0 |    111 |      0 |   1 |  238.0 |
               +--------+--------+--------+--------+--------+-----+--------+

Top non-repeatable levels by time:
     D:5: 1057 daAuts
     D:6: 966 daAuts
     D:2: 899 daAuts
     D:1: 833 daAuts
     D:4: 811 daAuts
     D:3: 584 daAuts
   Sewer: 367 daAuts
  Bailey: 238 daAuts
  Temple: 106 daAuts
     D:7: 46 daAuts
